 Dungeon Crawl Stone Soup version 0.30.0-18-gc0e69614cb (webtiles) character file.

Game seed: 13702808149862535181

58 sampeng1 the Trooper (level 3, -1/33 HPs)
             Began as a Minotaur Berserker on May 24, 2023.
             Was a Believer of Trog.
             Slain by Terence
             ... wielding a +0 hand axe
              (8 damage)
             ... on level 2 of the Dungeon.
             The game lasted 00:04:15 (1001 turns).

sampeng1 the Trooper (Minotaur Berserker)           Turns: 1001, Time: 00:04:16

Health: -1/33      AC:  4    Str: 23    XL:     3   Next: 76%
Magic:  2/2        EV: 12    Int:  4    God:    Trog [**....]
Gold:   86         SH:  0    Dex:  9    Spells: 2/2 levels left

rFire   . . .        a - +0 hand axe
rCold   . . .        (no shield)
rNeg    . . .        h - +0 leather armour
rPois   .            (helmet restricted)
rElec   .            (no cloak)
rCorr   .            g - +0 pair of gloves
SInv    .            (no boots)
Will    .....        d - amulet of faith
Stlth   +            (no ring)
HPRegen 0.25/turn    (no ring)
MPRegen 0.08/turn

%: faith
@: no status effects
A: horns 2, retaliatory headbutt
a: Renounce Religion, Berserk, Trog's Hand


You were on level 2 of the Dungeon.
You worshipped Trog.
Trog was pleased with you.
You visited 1 branch of the dungeon, and saw 2 of its levels.

You collected 86 gold pieces.

Inventory:

Hand Weapons
 a - a +0 hand axe (weapon)
Missiles
 i - 2 silver javelins (quivered)
Armour
 b - a +0 animal skin
 g - a +0 pair of gloves (worn)
 h - a +0 leather armour (worn)
Jewellery
 d - an amulet of faith (around neck)
 f - an amulet of magic regeneration
Potions
 c - a potion of brilliance {unknown}
 e - a potion of berserk rage {unknown}
 j - a potion of heal wounds {unknown}


   Skills:
 + Level 4.2 Fighting
 + Level 4.2 Axes
 + Level 3.3 Armour
 + Level 2.9 Dodging


You had 2 spell levels left.
You didn't know any spells.
Your spell library was empty.

Dungeon Overview and Level Annotations

Branches:
Dungeon (2/15)

Altars:

Shops:
D:1 [   D:2 *

Annotations:
D:2 Terence


Innate Abilities, Weirdness & Mutations

You have a pair of horns on your head.
You reflexively headbutt those who attack you in melee.


Message History

The kobold throws a stone.
The stone hits you but does no damage.
A gnoll comes into view. It is wielding a +0 whip.
The gnoll shouts!
You hear a shout!
The bat barely misses you.
You see here a +0 robe.
A gnoll comes into view. It is wielding a +0 halberd.
Found 5 gold pieces.
The gnoll shouts!
The bat closely misses you.
The kobold throws a stone.
The stone misses you.
Terence the Incautious comes into view.
He is wielding a +0 hand axe.
You barely miss the gnoll. You headbutt the gnoll!
The gnoll is heavily wounded.
You closely miss the bat. The bat completely misses you.
The gnoll hits you with a +0 club.
You barely miss the gnoll.
The gnoll is heavily wounded.
The bat barely misses you.
You hit the gnoll.
You kill the gnoll!
Trog accepts your kill.
You barely miss the kobold. You hit the bat. The bat hits you.
The kobold hits you with a +0 dagger.
You hit the gnoll but do no damage. You hit the bat.
You kill the bat!
Trog accepts your kill.
You closely miss the kobold. The kobold completely misses you.
You hit the gnoll.
The gnoll is moderately wounded.
You barely miss the kobold. The gnoll hits you with a +0 whip.
The gnoll hits you from afar with a +0 halberd!
The kobold hits you but does no damage. The gnoll barely misses you.
You furiously retaliate!
You headbutt the gnoll!
You kill the gnoll!
Trog accepts your kill. The gnoll barely misses you.
The kobold hits you but does no damage.
You hit Terence but do no damage. You hit the kobold.
The gnoll hits you from afar with a +0 halberd!
* * * LOW HITPOINT WARNING * * *
The kobold hits you but does no damage. Terence hits you with a +0 hand axe!
You die...

,,,,,,,,,,,................##
*,,,,,******#####..##......#
*,,,,,,,,* #..##......#
*,,,,,,,,* #..##......#
,,,,,,,,,* #......#####
,,*,,,,,,###** ##.......#*
***,,,,,,....###..<......# *
*,,,,,,#..?...[........# *
*,,,,,,#.....)@).......#
***,,,,,,#.....K.@.......#
,**,,,,,,#......g........#
,******,,...............## ,*
***#...............* ,*
#..............,* **
#..............,*
#.$............,*
*,,,,,,,,,,,,,,,*


You could see Terence, a gnoll and a kobold.

Vanquished Creatures
  2 gnolls (D:2)
  A worm (D:2)
  2 dart slugs (D:2)
  2 endoplasms
  2 giant cockroaches
  5 hobgoblins
  3 kobolds
  2 quokkas (D:1)
  6 ball pythons
  2 bats
  A frilled lizard (D:2)
  4 rats
32 creatures vanquished.

Notes
Turn   | Place    | Note
-------+----------+-------------------------------------------
     0 | D:1      | sampeng1 the Minotaur Berserker began the quest for the
                  | Orb.
     0 | D:1      | Reached XP level 1. HP: 19/19 MP: 0/0
   355 | D:1      | Reached XP level 2. HP: 27/27 MP: 1/1
   411 | D:1      | Found Plog's Armour Shoppe.
   793 | D:2      | Found Jasoa's Assorted Antiques.
   835 | D:2      | Reached ** piety under Trog
   848 | D:2      | Reached XP level 3. HP: 32/33 MP: 2/2
   995 | D:2      | Noticed Terence
  1001 | D:2      | Slain by Terence

Illustrated notes

Levels and vault maps discovered:
D:1:      lightli_arrival_flooded_house, layout_loops_ring, serial_shops,
          nicolae_shop_crystal
D:2:      minmay_evil_eye, layout_rooms, serial_shops,
          nicolae_shop_overgrown_old_shop, uniq_terence

Skill      XL: |  1  2 |
---------------+-------+-----
Fighting       | 4 |  4.2
Axes           | 4 |  4.2
Armour         | 3 |  3.3
Dodging        | |  2.9

Action                     || total
---------------------------++-------
  Melee: Hand axe          ||    73
         Headbutt          ||    11
    Use: Scroll            ||     6
   Stab: Distracted        ||     1
 Armour: Animal skin       ||     5
         Leather armour    ||     7
  Dodge: Dodged            ||    48
